 Dungeon Crawl Stone Soup version 0.23-a0-242-g2b5ca64 (webtiles) character file.

2746 CasualChangeling the Zephyrmancer (level 9, -7/55 HPs)
             Began as a Tengu Air Elementalist on Sept 28, 2018.
             Was a Follower of Vehumet.
             Mangled by Gastronok (27 damage)
             ... on level 8 of the Dungeon.
             The game lasted 00:26:01 (8853 turns).

CasualChangeling the Zephyrmancer (TeAE)            Turns: 8853, Time: 00:26:02

Health: -7/55      AC: 11    Str:  6    XL:     9   Next: 68%
Magic:  18/18      EV:  8    Int: 25    God:    Vehumet [*.....]
Gold:   411        SH:  0    Dex: 14    Spells: 13/19 levels left

rFire    + . .     SeeInvis .   a - +0 spear
rCold    . . .     Gourm    .   (no shield)
rNeg     . . .     Faith    .   g - +1 scale mail of Adwuesch {rPois Str-3 Int+6}
rPois    +         Spirit   .   v - +1 hat
rElec    .         Reflect  .   s - +1 cloak
rCorr    .         Harm     .   r - +0 pair of gloves
MR       +....                  (boots unavailable)
Stlth    +.........             t - amulet of magic regeneration
HPRegen  0.18/turn              k - ring of protection from fire
MPRegen  0.41/turn              C - ring of protection from magic

@: slowed, very slow
A: beak, talons 3, able to fly 1
a: Fly, Renounce Religion


You were on level 8 of the Dungeon.
You worshipped Vehumet.
Vehumet was aware of your devotion.
You were not hungry.

You visited 2 branches of the dungeon, and saw 9 of its levels.

You collected 466 gold pieces.
You spent 55 gold pieces at shops.

Inventory:

Hand Weapons
 a - a +0 spear (weapon)
Armour
 g - the +1 scale mail of Adwuesch (worn) {rPois Str-3 Int+6}
   (You found it on level 7 of the Dungeon)

   It affects your strength (-3).
   It affects your intelligence (+6).
   It protects you from poison.
 r - a +0 pair of gloves (worn)
 s - a +1 cloak (worn)
 v - a +1 hat (worn)
Jewellery
 k - a ring of protection from fire (left hand)
 o - an uncursed ring of protection from fire
 t - an amulet of magic regeneration (around neck)
 C - a ring of protection from magic (right hand)
Wands
 m - a wand of scattershot (3)
 z - a wand of random effects (29)
Scrolls
 b - a scroll of teleportation
 e - 2 scrolls of blinking
 i - a scroll of enchant weapon {unknown}
 n - a scroll of fear {unknown}
 p - 3 scrolls of remove curse
 u - a scroll of immolation {unknown}
 y - a scroll of noise {unknown}
Potions
 d - 4 potions of curing
 h - 4 potions of flight
 j - a potion of magic {unknown}
 l - 2 potions of haste
 q - 2 potions of heal wounds
 x - 3 potions of agility
 A - a potion of mutation
Comestibles
 c - 15 rations


   Skills:
 + Level 5.6 Fighting
 + Level 6.7 Dodging
 - Level 2.0 Stealth
 + Level 5.6 Spellcasting
 - Level 6.7 Conjurations
 + Level 1.8 Charms
 + Level 8.6 Air Magic


You had 13 spell levels left.
You knew the following spells:

 Your Spells              Type           Power        Failure   Level  Hunger
a - Shock                 Conj/Air       ####         6%          1    None
b - Static Discharge      Conj/Air       #####...     17%         3    #......
e - Swiftness             Chrm/Air       ####....     24%         2    None

Your spell library contained the following spells:

 Spells                   Type           Power        Failure   Level  Hunger
 Flame Tongue             Conj/Fire      ###..        34%         1    None
 Airstrike                Air            ######....   36%         4    ###....
 Lightning Bolt           Conj/Air       #####.....   85%         5    #####..


Dungeon Overview and Level Annotations

Branches:
Dungeon (8/15)             Temple (1/1) D:6            Lair (0/6) D:8

Altars:
Ashenzari
Cheibriados
Dithmenos
Elyvilon
Fedhas
Gozag
Hepliaklqana
Kikubaaqudgha
Makhleb
Nemelex Xobeh
Okawaru
Qazlal
Ru
Sif Muna
Trog
Uskayaw
Vehumet
Wu Jian
Xom
Yredelemnul
Zin
The Shining One

Shops:
D:5 ?   D:7 *

Annotations:
D:8 Gastronok


Innate Abilities, Weirdness & Mutations

You have a beak for a mouth.
You have claws for feet.
You can fly.


Message History

Casting: Shock (safe; 6% risk of failure)
Confirm with . or Enter, or press ? or * to list all spells.
Aiming: Shock (safe; 6% risk of failure)
Press: ? - help, Shift-Dir - straight line The zap hits the bat.
The bat is severely wounded.
The zap hits the bat.
You kill the bat!
The bat's corpse disappears in a puff of smoke!
The bat hits you but does no damage. x2
Casting: Shock (safe; 6% risk of failure)
Confirm with . or Enter, or press ? or * to list all spells.
Aiming: Shock (safe; 6% risk of failure)
Press: ? - help, Shift-Dir - straight line, f - bat
Aim: a bat (summoned)
The zap hits the bat.
You kill the bat!
The bat's corpse disappears in a puff of smoke!
Gastronok bites you!!
You die...

#.....#.##.#
#########
#.###.#.##.#
#.....#..
#.###.#.#>.#
#.###.#.#
#...#.#.#..# #.#
#.#.. #.#.#....#.#
#.# #.###
+.#.######.# #.# #.#
#..######### #.# #.#
######.##....### #.#
#.###
.........'..@...##
#.# #..."
.#########...w...##
#.#######
####.....###...w....
###....##.#######
###..)##.#
5g##....#.#


#hgo ##...#.# #gZ #...#.# ### #...#.# You could see Gastronok.

Vanquished Creatures
  Grinder (D:6)
  Duvessa (D:6)
  An orc warrior (D:6)
  3 black bears
  A necrophage (D:8)
  2 ogres
  4 bullfrogs
  Dowan (D:6)
  2 scorpions (D:5)
  10 wights (D:7)
  A howler monkey (D:6)
  4 crimson imps
  3 jellies
  An orc priest (D:3)
  6 orc wizards
  A bullfrog skeleton (D:4)
  Terence (D:3)
  An iguana (D:7)
  7 worker ants
  A hound zombie (D:6)
  A hound skeleton (D:8)
  A howler monkey skeleton (D:7)
  11 adders
  A shadow imp (D:6)
  An adder zombie (D:7)
  3 worms
  3 dart slugs
  6 leopard geckos
  24 orcs
  10 bats
  6 giant cockroaches
  11 goblins
  5 hobgoblins
  5 jackals
  4 quokkas
  5 ball pythons
  5 frilled lizards
  A jackal skeleton (D:4)
  5 kobolds
  A leopard gecko skeleton (D:6)
  6 rats
167 creatures vanquished.

Notes
Turn   | Place    | Note
-------+----------+-------------------------------------------
     0 | D:1      | CasualChangeling the Tengu Air Elementalist began the quest
                  | for the Orb.
     0 | D:1      | Reached XP level 1. HP: 10/10 MP: 4/4
    65 | D:1      | Reached XP level 2. HP: 16/16 MP: 3/6
   253 | D:1      | Found an iron altar of Okawaru.
   531 | D:1      | Reached XP level 3. HP: 20/20 MP: 7/7
   610 | D:1      | Reached skill level 1 in Fighting
   986 | D:2      | Reached XP level 4. HP: 25/25 MP: 0/8
  1943 | D:2      | Learned a level 3 spell: Static Discharge
  2558 | D:3      | Gained mutation: You can fly. [Tengu growth]
  2558 | D:3      | Reached XP level 5. HP: 7/30 MP: 0/10
  2817 | D:3      | Noticed Terence
  2839 | D:3      | Learned a level 2 spell: Swiftness
  2877 | D:3      | Killed Terence
  2877 | D:3      | Reached skill level 5 in Air Magic
  3581 | D:3      | Reached XP level 6. HP: 35/35 MP: 7/11
  3703 | D:3      | Found a white marble altar of Elyvilon.
  4712 | D:4      | Reached XP level 7. HP: 40/40 MP: 5/13
  5222 | D:5      | Entered Level 5 of the Dungeon
  5286 | D:5      | Reached skill level 6 in Air Magic
  5467 | D:5      | Found Joexirim's Magic Scroll Shop.
  5470 | D:5      | Bought a scroll of remove curse for 33 gold pieces
  5470 | D:5      | Bought a scroll of identify for 22 gold pieces
  5927 | D:6      | Reached skill level 5 in Conjurations
  5944 | D:6      | Reached XP level 8. HP: 48/48 MP: 9/15
  5961 | D:6      | Reached skill level 5 in Dodging
  6323 | D:6      | Found a staircase to the Ecumenical Temple.
  6325 | D:6      | Noticed Grinder
  6328 | D:6      | Paralysed by Grinder for 5 turns
  6338 | Temple   | Entered the Ecumenical Temple
  6601 | Temple   | Became a worshipper of Vehumet
  6624 | D:6      | Killed Grinder
  6624 | D:6      | Reached skill level 7 in Air Magic
  6719 | D:6      | Noticed Dowan
  7114 | D:6      | Noticed Duvessa
  7140 | D:6      | Killed Duvessa
  7145 | D:6      | Killed Dowan
  7145 | D:6      | Reached XP level 9. HP: 40/53 MP: 10/17
  7717 | D:7      | Reached skill level 5 in Fighting
  7717 | D:7      | Reached skill level 5 in Spellcasting
  7887 | D:7      | Got a bloodstained scale mail
  7903 | D:7      | Identified the +1 scale mail of Adwuesch {rPois Str-3
                  | Int+6} (You found it on level 7 of the Dungeon)
  7939 | D:7      | Reached skill level 8 in Air Magic
  8029 | D:7      | Reached skill level 1 in Charms
  8111 | D:7      | Found Uwniecw's Assorted Antiques.
  8378 | D:7      | Reached * piety under Vehumet
  8378 | D:7      | Offered knowledge of Flame Tongue by Vehumet.
  8621 | D:8      | Found a staircase to the Lair.
  8789 | D:8      | Noticed Gastronok
  8853 | D:8      | Mangled by Gastronok

Vault maps used:
D:1:      dpeg_arrival_boxorama, okawaru_ov_weapons_minmay
D:2:      minmay_diamond_boxcup
D:3:      marbit_many_paths, interstate_on_off, uniq_terence
D:4:      first_ration
D:5:      serial_shops, kennysheep_mini_moat,
          minmay_a_box_with_orc_wizards_in_it
D:6:      temple_pool_b, uniq_duvessa, uniq_grinder
D:7:      serial_shops, shop
D:8:      kennysheep_blocky_room, lair_entry_dummy, lightli_corner_chamber,
          uniq_maurice, uniq_gastronok
Temple:   regret_index_temple_sigil_plot

Skill      XL: |  1  2  3  4  5  6  7  8  9 |
---------------+----------------------------+-----
Conjurations   | 2 3 4 5 6 |  6.7
Fighting       | 1 2 3 4 5 |  5.6
Dodging        | 3 4 5 6 |  6.7
Air Magic      | 5 6 7 8 |  8.6
Spellcasting   | 3 4 5 |  5.6
Charms         | 1 |  1.8
Stealth        | |  2.0

Action                   |  1- 3 |  4- 6 |  7- 9 || total
-------------------------+-------+-------+-------++-------
Melee: Unarmed           |     4 |       |       ||     4
       Peck              |     3 |     7 |     2 ||    12
       Kick              |     4 |     7 |       ||    11
       Spear             |    24 |    55 |    19 ||    98
 Cast: Shock             |    31 |   153 |   238 ||   422
       Static Discharge  |       |    13 |    41 ||    54
       Swiftness         |       |     1 |     1 ||     2
 Abil: Fly               |       |     1 |     1 ||     2
  Use: Scroll            |     1 |     1 |    10 ||    12
       Potion            |       |     1 |     1 ||     2
 Stab: Sleeping          |       |     1 |       ||     1
  Eat: Chunk             |     1 |    10 |    11 ||    22
       Ration            |       |     1 |     1 ||     2
Armor: Robe              |     3 |    14 |       ||    17
       Scale mail        |     2 |       |    24 ||    26
       Leather armour    |       |    13 |    14 ||    27
Dodge: Dodged            |    18 |    85 |    66 ||   169

Table legend:
 A = Non-vault XP
 B = Vault XP
 C = Vault XP percentage of total XP
 D = Non-vault monster count
 E = Vault monster count
 F = Vault count percentage of total count
                 A         B        C        D         E       F
            +---------+---------+-------+---------+---------+-------
      Total |    3313 |     610 |  15.5 |     154 |      13 |   7.8
            +---------+---------+-------+---------+---------+-------
        D:1 |      48 |       0 |   0.0 |      26 |       0 |   0.0
        D:2 |      97 |      12 |  11.0 |      18 |       7 |  28.0
        D:3 |     174 |      49 |  22.0 |      26 |       2 |   7.1
        D:4 |     283 |       0 |   0.0 |      20 |       0 |   0.0
        D:5 |     399 |      40 |   9.1 |      17 |       1 |   5.6
        D:6 |     879 |     509 |  36.7 |      16 |       3 |  15.8
        D:7 |    1258 |       0 |   0.0 |      28 |       0 |   0.0
        D:8 |     175 |       0 |   0.0 |       3 |       0 |   0.0
            +---------+---------+-------+---------+---------+-------
